cohdb
Replays
Latest Replays
All Replays
Popular Replays
Top Player Replays
Match Explorer
How It Works
Community
CoH3 Stats
Reddit
Sign in to upload your games and track your stats! →
Sign in with Steam
Match 45164405
Unlisted
Match 45164405
Overview
Messages
Build Orders
End
Pioneer Squad
Construct Infanterie Kompanie
MG 42 Machine Gun Team
Grenadier Squad
Grenadier Squad
Construct Luftwaffe Kompanie
221 Scout Car
Medical Station
Selects Breakthrough Battlegroup
Selects Assault Grenadiers
Jäger Squad
Support Elements
Wirbelwind Flakpanzer
Wirbelwind Flakpanzer
Selects Rapid Production
Selects Blitzkrieg
Side Skirts
Construct Panzer Kompanie
Grenadier Squad
Panzer IV Medium Tank
Swan
T.R. Stormjäger
Eilte
Elite_1650
0
0
Comments
sign in to comment!
No comments posted yet!